 Dungeon Crawl Stone Soup version 0.32-a0-30-gefbe487952 (webtiles) character file.

Game seed: 1365707205481486692

13685 zenocrate the Covert (level 12, 51/51 HPs)
             Began as a Vine Stalker Enchanter on Jan 19, 2024.
             Was an Initiate of Gozag.
             Quit the game on level 5 of the Dungeon.
             The game lasted 00:16:02 (10559 turns).

zenocrate the Covert (Vine Stalker Enchanter)      Turns: 10559, Time: 00:16:03

Health: 51/51      AC:  5    Str: 12    XL:     12   Next: 8%
Magic:  25/25      EV: 16    Int: 15    God:    Gozag
Gold:   320        SH:  0    Dex: 19    Spells: 3/15 levels left

rFire   . . .        b - +3 dagger (drain)
rCold   . . .        v - orb {guile}
rNeg    + . .        T - +0 troll leather armour
rPois   .            (no helmet)
rElec   .            Y - +0 cloak
rCorr   .            w - +0 pair of gloves {Stlth+}
SInv    .            (no boots)
Will    .....        r - amulet of regeneration
Stlth   ++++++       d - ring of positive energy
HPRegen 2.68/turn    J - ring of magical power
MPRegen 0.19/turn

%: guardian spirit
@: no status effects
A: fangs 3, regeneration 1, magic shield, antimagic bite, no potion heal 2,
hooves 1, devolution 2
a: Renounce Religion, Potion Petition, Call Merchant, Bribe Branch


You were on level 5 of the Dungeon.
You worshipped Gozag.
Gozag was aware of your devotion.
You visited 2 branches of the dungeon, and saw 12 of its levels.
You also visited: Bailey.

You collected 1582 gold pieces.
You spent 1142 gold pieces at shops.
You paid 120 gold pieces to Gozag.

Inventory:

Hand Weapons
 a - a +0 rapier
 b - a +3 dagger of draining (weapon)
 g - a +1 dagger
 y - a +2 antimagic short sword
 Q - a +3 broad axe
 X - a +0 dagger of speed
Missiles
 q - 7 throwing nets (quivered)
 s - 3 curare-tipped darts
 F - 22 poisoned darts
 N - 2 darts of dispersal
Armour
 u - a +1 leather armour of cold resistance
 v - an orb of guile (worn)
 w - a +0 pair of gloves of stealth (worn)
 z - a +0 helmet
 O - a +2 robe of positive energy
 T - a +0 troll leather armour (worn)
 Y - a +0 cloak (worn)
 Z - +0 swamp dragon scales
Jewellery
 d - a ring of positive energy (left hand)
 r - an amulet of regeneration (around neck)
 A - the amulet "Otaonie" {Reflect +Blink Fly Will- SH+5}
   (You bought it in a shop on level 5 of the Dungeon)

   [amulet of reflection]

   Reflect:   It reflects blocked missile attacks.
   Will-:     It decreases your willpower.
   Fly:       It grants you flight.
   +Blink:    It lets you blink.
   SH+5:      It affects your SH (+5).
 J - a ring of magical power (right hand)
Wands
 S - a wand of iceblast (9)
Scrolls
 f - a scroll of revelation
 i - 2 scrolls of noise {unknown}
 j - a scroll of torment {unknown}
 k - 2 scrolls of fear {unknown}
 n - 4 scrolls of vulnerability
 o - 5 scrolls of teleportation
 t - a scroll of enchant armour {unknown}
 B - a scroll of brand weapon {unknown}
 D - a scroll of silence {unknown}
 L - a scroll of butterflies {unknown}
 M - 2 scrolls of immolation {unknown}
 R - a scroll of acquirement {unknown}
 U - a scroll of amnesia {unknown}
 W - a scroll of fog {unknown}
Potions
 c - 4 potions of invisibility
 e - 2 potions of brilliance
 h - 3 potions of resistance
 l - a potion of attraction
 m - 5 potions of enlightenment
 p - 2 potions of might
 C - 2 potions of berserk rage
 E - 3 potions of curing
 G - a potion of ambrosia {unknown}
 H - 7 potions of magic
 P - 2 potions of haste
Miscellaneous
 K - a phial of floods


   Skills:
 + Level 8.1 Short Blades
 + Level 8.0 Dodging
 + Level 11.7 Stealth
 - Level 2.1 Spellcasting
 + Level 9.0 Hexes
 - Level 3.2 Ice Magic
 + Level 6.3 Evocations


You had 3 spell levels left.
You knew the following spells:

 Your Spells              Type           Power      Damage    Failure   Level
a - Ensorcelled Hibernat  Hex/Ice        40%        N/A       3%          2
b - Confusing Touch       Hex            28%        N/A       1%          3
c - Tukima's Dance        Hex            28%        N/A       1%          3
d - Cause Fear            Hex            14%        N/A       7%          4

Your spell library contained the following spells:

 Spells                   Type           Power      Damage    Failure   Level
 Dazzling Flash           Conj/Hex       30%        N/A       13%         3
 Anguish                  Hex/Necr       7%         N/A       38%         4
 Vhi's Electric Charge    Tloc/Air       2%         N/A       95%         4
 Enfeeble                 Hex            14%        N/A       99%         7
 Arcjolt                  Conj/Air       0%         1d10      100%        5
 Plasma Beam              Fire/Air       0%         2x1d10    100%        6


Dungeon Overview and Level Annotations

Branches:
Dungeon (11/15)            Temple (1/1) D:7            Lair (0/5) D:11
    Orc (0/2) D:10         Bailey (visited)

Altars:
Ashenzari
Cheibriados
Dithmenos
Elyvilon
Fedhas
Gozag
Hepliaklqana
Kikubaaqudgha
Makhleb
Nemelex Xobeh
Okawaru
Qazlal
Ru
Sif Muna
Trog
Uskayaw
Vehumet
Wu Jian
Xom
Yredelemnul
Zin
The Shining One

Shops:
D:4 ((:   D:5 **

Annotations:
D:3 exclusion: statue
D:9 1 runed translucent door, PriceMaster's ghost, journeyman DsFi


Innate Abilities, Weirdness & Mutations

You have razor-sharp teeth.
Your natural rate of healing is unusually fast.
When hurt, damage is shared between your health and your magic reserves.
Your bite disrupts and absorbs the magic of your enemies.
Potions cannot restore your health.
You have large cloven feet.
You have terrible hidden genetic defects.


Message History

There is a stone staircase leading down here.
There is an entrance to Bary's Distillery here.
m - 5 potions of enlightenment (gained 1)
I - 3 potions of degeneration (gained 1)
c - 4 potions of invisibility (gained 1)
h - 3 potions of resistance (gained 1);
E - 3 potions of curing (gained 1)
P - 2 potions of haste (gained 1)
You no longer have enough gold to fund merchants seeking to open stores in the dungeon.
H - 4 potions of magic (gained 1);
H - 7 potions of magic (gained 3) Thank you for shopping at Bary's Distillery!
You drop 3 potions of degeneration.
Okay, then.
There is a stone staircase leading down here.
You climb downwards.
There is a stone staircase leading up here.
There is an entrance to Siptupla's Assorted Antiques here.
You no longer have enough gold to petition Gozag for potion effects.
I - a scroll of identify Thank you for shopping at Siptupla's Assorted Antiques!
You can access your shopping list by pressing '$'.
There is an open door here.
There is an entrance to Xytruhusm's Assorted Antiques here.
I - 2 scrolls of identify (gained 1) Thank you for shopping at Xytruhusm's Assorted Antiques!
As you read the scroll of identify, it crumbles to dust.
x - 2 potions of mutation
As you read the scroll of identify, it crumbles to dust.
C - 2 potions of berserk rage You feel extremely strange.
You occasionally lose the ability to drink potions when taking damage.
A pair of horns grows on your head!
Your +0 helmet falls away!
Your toenails lengthen and sharpen.
You feel extremely strange. The horns on your head shrink away.
Your talons dull and shrink into feet.
You no longer become unable to drink potions after taking damage.
You feel a hidden malignance growing inside you.
The malignance inside you grows.
Your feet thicken and deform.
Okay, then.
Are you sure you want to abandon this character and quit the game? (Confirm with "yes".)

##......##.############
#.......##..#.........##
#......####............##
#.....####.#............## ######
#....###.......∩.........# #....#
##.##................#..####..#..
##...###............##..##..##..
#.######......#'#...##..##..##..
### #.......#@#...##..##..##..
##......###..###......##..
#...........# #......##..
##.........## #..##..##..
##.......## #..##.)##.. #.......#
##..##..##.. #......##
##..####..#.. ##.#..##
#............ #.####
#............


There were no monsters in sight!

Vanquished Creatures
  Harold (D:10)
  2 vault guards (Bailey)
  2 two-headed ogres
  A deep elf pyromancer (D:8)
  Maurice (D:10)
  Joseph (D:8)
  Maggie (D:10)
  An unseen horror (D:11)
  A komodo dragon (D:11)
  Psyche (D:8)
  A troll (D:11)
  3 hornets
  Prince Ribbit (Bailey)
  10 humans (Bailey)
  12 yaks
  Menkaure (D:5)
  2 swamp worms (D:8)
  2 water moccasins
  An orc warrior (D:10)
  3 black bears
  4 ice beasts
  2 ogres (D:5)
  8 centaurs
  3 kobold brigands
  18 bullfrogs
  3 wights (D:6)
  3 killer bees (D:7)
  A howler monkey (D:9)
  2 bombardier beetles
  A hound (D:7)
  A sleepcap (D:8)
  4 orc priests
  3 jellies
  2 iguanas
  Natasha (twice) (D:3)
  2 orc wizards
  5 adders
  7 gnolls
  3 white imps
  2 ufetubi (D:6)
  2 dart slugs (D:4)
  2 ribbon worms
  31 orcs
  6 ball pythons
  3 endoplasms (D:4)
  3 giant cockroaches
  5 hobgoblins
  6 jackals
  20 kobolds
  A quokka (D:2)
  A bat (D:1)
  3 frilled lizards
  5 goblins
  3 rats
215 creatures vanquished.

Vanquished Creatures (others)
  An arcanist (D:8)
1 creature vanquished.

Grand Total: 216 creatures vanquished

Notes
Turn   | Place    | Note
-------+----------+-------------------------------------------
     0 | D:1      | zenocrate the Vine Stalker Enchanter began the quest for
                  | the Orb.
     0 | D:1      | Reached XP level 1. HP: 9/9 MP: 4/4
   224 | D:1      | Reached skill level 1 in Short Blades
   431 | D:1      | Reached XP level 2. HP: 13/13 MP: 6/6
   434 | D:1      | Learned a level 2 spell: Ensorcelled Hibernation
   943 | D:2      | Reached skill level 4 in Stealth
   943 | D:2      | Reached XP level 3. HP: 16/16 MP: 1/7
   947 | D:2      | Learned a level 3 spell: Confusing Touch
  1642 | D:3      | Reached skill level 1 in Ice Magic
  1642 | D:3      | Reached XP level 4. HP: 21/21 MP: 5/8
  1693 | D:3      | Found a broken altar of Ashenzari.
  1843 | D:3      | Found a radiant altar of Vehumet.
  1843 | D:3      | Noticed a charred statue
  1958 | D:3      | Found a shimmering altar of Xom.
  2420 | D:3      | Noticed Natasha
  2426 | D:3      | Killed Natasha
  2427 | D:3      | Reached XP level 5. HP: 24/24 MP: 9/9
  2431 | D:3      | Learned a level 3 spell: Tukima's Dance
  2487 | D:3      | Noticed Natasha
  2502 | D:3      | Killed Natasha
  2701 | D:4      | Found Kerch's Weapon Boutique.
  2758 | D:4      | Found Dafi's Book Shop.
  2758 | D:4      | Noticed a walking frostbound tome
  2758 | D:4      | Noticed a walking crystal tome
  2810 | D:4      | Found Wemi's Weapon Emporium.
  2898 | D:4      | Reached XP level 6. HP: 5/28 MP: 1/10
  3028 | D:4      | Found Bary's Distillery.
  3361 | D:4      | Reached skill level 5 in Stealth
  3443 | D:5      | Entered Level 5 of the Dungeon
  3449 | D:5      | Noticed a black bear
  3457 | D:5      | Killed a black bear
  3458 | D:5      | Reached XP level 7. HP: 32/32 MP: 11/11
  3537 | D:5      | Reached skill level 1 in Evocations
  3824 | D:5      | Found an iron altar of Okawaru.
  3955 | D:5      | Noticed Menkaure
  3958 | D:5      | Killed Menkaure
  3959 | D:5      | Reached skill level 6 in Stealth
  4000 | D:5      | Found an ancient bone altar of Kikubaaqudgha.
  4085 | D:5      | Gained mutation: You have razor-sharp teeth. [Vine Stalker
                  | growth]
  4085 | D:5      | Reached XP level 8. HP: 36/36 MP: 9/12
  4119 | D:5      | Found Siptupla's Assorted Antiques.
  4129 | D:5      | Bought a scintillating jade amulet for 90 gold pieces
  4129 | D:5      | Identified the amulet "Otaonie" {Reflect +Blink Fly Will-
                  | SH+5} (You bought it in a shop on level 5 of the Dungeon)
  4129 | D:5      | Bought a scroll labelled VUEFERYSHE for 18 gold pieces
  4225 | D:5      | Found Xytruhusm's Assorted Antiques.
  4228 | D:5      | Bought a bubbling white potion for 23 gold pieces
  4228 | D:5      | Bought a scroll labelled QOYCAA DASIMM for 26 gold pieces
  4320 | D:5      | Found an ornate altar of the Wu Jian Council.
  4525 | D:6      | Found a stormy altar of Qazlal.
  4741 | D:6      | Reached skill level 5 in Hexes
  5394 | D:7      | Reached skill level 7 in Stealth
  5474 | D:7      | Reached XP level 9. HP: 39/39 MP: 13/13
  5595 | D:7      | Noticed a hornet
  5618 | D:7      | Found a staircase to the Ecumenical Temple.
  5627 | Temple   | Entered the Ecumenical Temple
  5638 | Temple   | Became a worshipper of Gozag Ym Sagoz the Greedy
  5655 | D:7      | Killed a hornet
  5656 | D:7      | Reached skill level 5 in Short Blades
  5965 | D:7      | Found a sparkling altar of Nemelex Xobeh.
  6409 | D:7      | Learned a level 4 spell: Cause Fear
  6528 | D:8      | Noticed Psyche
  6537 | D:8      | Killed Psyche
  6538 | D:8      | Reached skill level 5 in Dodging
  6538 | D:8      | Reached skill level 8 in Stealth
  6586 | D:8      | Noticed Joseph
  6597 | D:8      | Killed Joseph
  6940 | D:8      | Found a bloodstained altar of Trog.
  7070 | D:8      | Found a snail-covered altar of Cheibriados.
  7115 | D:8      | Noticed a deep elf pyromancer
  7118 | D:8      | Killed a deep elf pyromancer
  7119 | D:8      | Reached XP level 10. HP: 44/44 MP: 14/14
  7193 | D:8      | Found a shimmering blue altar of Sif Muna.
  7332 | D:8      | Noticed a wizard
  7337 | D:8      | Killed a wizard
  7411 | D:8      | Reached skill level 9 in Stealth
  7543 | D:9      | Found a flagged portal.
  7582 | Bailey   | Entered a bailey
  7873 | Bailey   | Reached skill level 10 in Stealth
  7954 | Bailey   | Noticed Prince Ribbit
  7954 | Bailey   | Noticed a vault guard
  7961 | Bailey   | Killed Prince Ribbit
  7964 | Bailey   | Killed a vault guard
  7965 | Bailey   | Reached XP level 11. HP: 35/47 MP: 12/15
  8052 | Bailey   | Noticed a vault guard
  8065 | Bailey   | Killed a vault guard
  8066 | Bailey   | Reached skill level 5 in Evocations
  8195 | D:9      | Noticed PriceMaster's ghost (journeyman DsFi)
  8203 | D:9      | Found a runed translucent door.
  8295 | D:9      | Identified the +2 lajatang of the Gazing Dragonfly {flame,
                  | rCorr Dex+3}
  8492 | D:9      | Noticed a two-headed ogre
  8500 | D:9      | Killed a two-headed ogre
  9614 | D:10     | Entered Level 10 of the Dungeon
  9701 | D:10     | Found a shadowy altar of Dithmenos.
  9819 | D:10     | Found a staircase to the Orcish Mines.
  9850 | D:10     | Reached skill level 11 in Stealth
  9950 | D:10     | Noticed Maggie
  9950 | D:10     | Noticed Maurice
  9954 | D:10     | Killed Maurice
 10002 | D:10     | Killed Maggie
 10009 | D:10     | Noticed Harold
 10016 | D:10     | Killed Harold
 10098 | D:11     | Found a staircase to the Lair.
 10188 | D:11     | Noticed a two-headed ogre
 10229 | D:11     | Killed a two-headed ogre
 10230 | D:11     | Reached XP level 12. HP: 51/51 MP: 15/16
 10461 | D:4      | Bought a potion of enlightenment for 65 gold pieces
 10461 | D:4      | Bought a potion of degeneration for 13 gold pieces
 10461 | D:4      | Bought a potion of invisibility for 104 gold pieces
 10461 | D:4      | Bought a potion of resistance for 130 gold pieces
 10461 | D:4      | Bought a potion of curing for 39 gold pieces
 10461 | D:4      | Bought a potion of haste for 130 gold pieces
 10461 | D:4      | Bought a potion of magic for 104 gold pieces
 10461 | D:4      | Bought 3 potions of magic for 312 gold pieces
 10551 | D:5      | Bought a scroll of identify for 36 gold pieces
 10555 | D:5      | Bought a scroll of identify for 52 gold pieces
 10557 | D:5      | Gained mutation: You occasionally lose the ability to drink
                  | potions when taking damage. [potion of mutation]
 10557 | D:5      | Gained mutation: You have a pair of small horns on your
                  | head. [potion of mutation]
 10557 | D:5      | Gained mutation: You have sharp toenails. [potion of
                  | mutation]
 10558 | D:5      | Lost mutation: You have a pair of small horns on your head.
                  | [potion of mutation]
 10558 | D:5      | Lost mutation: You have sharp toenails. [potion of
                  | mutation]
 10558 | D:5      | Lost mutation: You occasionally lose the ability to drink
                  | potions when taking damage. [potion of mutation]
 10558 | D:5      | Gained mutation: You have hidden genetic defects. [potion
                  | of mutation]
 10558 | D:5      | Gained mutation: You have terrible hidden genetic defects.
                  | [potion of mutation]
 10558 | D:5      | Gained mutation: You have large cloven feet. [potion of
                  | mutation]
 10559 | D:5      | Quit the game

Illustrated notes

Levels and vault maps discovered:
D:1:      dpeg_arrival_lava_temple_mockup, layout_basic
D:2:      layout_rooms
D:3:      layout_basic, nicolae_ashenzari_skybound, xom_teletrap_fun,
          vehumet_statue, chequers_serial_rivers_small_b, uniq_natasha
D:4:      layout_basic, serial_shops, nicolae_inconvenience_store,
          nicolae_shop_waterfront, nicolae_shop_bloodbath_and_beyond,
          nicolae_shop_mannequins
D:5:      layout_cave_pods, pdpol_wu_jian_five_deadly_venoms,
          hellmonk_okawaru_the_only_friend_you_need, kiku_gazebo_garden_becter,
          serial_shops, kennysheep_mini_moat, shop, moated_statue,
          serial_library_hellmonk_h_bend, minmay_strange_pillars, uniq_menkaure
D:6:      layout_loops_ring, mainiacjoe_overflow_catwalk
D:7:      layout_basic, nemelex_xobeh_ov_fountains_minmay,
          minmay_temple_entry_tees, nicolae_houndstooth_variations
D:8:      layout_gridville, kennysheep_little_box, cheibrodos_worm_habitat,
          trog_wizard, grunt_decor_cap, worms_lemuel, uniq_joseph, uniq_psyche
D:9:      layout_layer_cave, enter_bailey_8, hellmonk_ghost_big_iron,
          nrook_mini_vaults, serial_library_hellmonk_hallway_b
D:10:     layout_roguey, nicolae_dithmenos_through_a_glass_darkly,
          minmay_orc_entry_temple_small, uniq_harold, uniq_maggie, uniq_maurice
D:11:     layout_loops_ring, due_lair_maze_entry_diamond, serial_shops,
          nicolae_diamond_shop
Temple:   hellmonk_temple_flake

Skill      XL: |  1  2  3  4  5  6  7  8  9 10 11 12 |
---------------+-------------------------------------+-----
Short Blades   | 1 2 3 4 6 7 8 |  8.1
Stealth        | 4 5 6 7 8 10 11 | 11.7
Dodging        | 2 3 4 6 7 8 |  8.0
Ice Magic      | 1 2 3 |  3.2
Hexes          | 4 5 6 7 9 |  9.0
Evocations     | 1 3 4 6 |  6.3
Spellcasting   | |  2.1

Action                     |  1- 3 |  4- 6 |  7- 9 | 10-12 || total
---------------------------+-------+-------+-------+-------++-------
  Melee: Dagger            |    94 |    88 |   158 |   138 ||   478
         Bite              |    21 |    19 |    45 |    48 ||   133
         Punch             |     1 |       |       |       ||     1
         Rapier            |       |       |       |    40 ||    40
   Cast: Ensorcelled Hiber |    18 |    23 |    52 |    73 ||   166
         Confusing Touch   |       |     1 |     6 |     1 ||     8
  Evoke: Wand              |       |       |       |     2 ||     2
    Use: Scroll            |       |     3 |     3 |     5 ||    11
         Potion            |       |     1 |       |     4 ||     5
   Stab: Sleeping          |    13 |    22 |    51 |    61 ||   147
         Invisible         |       |     2 |       |    10 ||    12
         Confused          |       |       |     6 |     1 ||     7
         Distracted        |       |       |       |     2 ||     2
         Paralysed         |       |       |       |     1 ||     1
 Armour: Robe              |    42 |    62 |     9 |    26 ||   139
         Leather armour    |       |     3 |    62 |       ||    65
         Troll leather arm |       |       |       |    69 ||    69
  Dodge: Dodged            |    53 |    40 |    67 |   119 ||   279

Table legend: (Time is in decaauts)
 A = Elapsed time spent in this place.
 B = Non-inter-level travel time spent in this place.
 C = Inter-level travel time spent in this place.
 D = Time resting spent in this place.
 E = Time spent auto-exploring this place.
 F = Levels seen in this place.
 G = Mean time per level.
                   A        B        C        D        E       F      G
               +--------+--------+--------+--------+--------+-----+--------+
         Total |  10482 |   9884 |    598 |     40 |   8056 |  13 |  806.3 |
       Dungeon |   9902 |   9324 |    578 |     40 |   7639 |  11 |  900.2 |
        Temple |     22 |      2 |     20 |      0 |      0 |   1 |   22.0 |
        Bailey |    557 |    557 |      0 |      0 |    416 |   1 |  557.0 |
               +--------+--------+--------+--------+--------+-----+--------+

Top non-repeatable levels by time:
     D:9: 1537 daAuts
     D:3: 1218 daAuts
     D:7: 1116 daAuts
     D:8: 1113 daAuts
     D:5: 987 daAuts
     D:4: 935 daAuts
     D:6: 919 daAuts
     D:1: 817 daAuts
     D:2: 577 daAuts
  Bailey: 557 daAuts
    D:10: 462 daAuts
    D:11: 215 daAuts
  Temple: 22 daAuts
